[Event "Titled Tuesday Blitz January 31 Late 2023"]
[White "Salimova, Nurgyul"]
[Black "Vlassov, Nikolai"]
[WhiteFideId "2915138"]
[BlackFideId "4103360"]
[WhiteElo "2391"]
[BlackElo "2283"]
[Result "1-0"]
[Round "11"]
[TimeControl "180+2"]
[Date "2023.02.01"]
[WhiteClock "0:01:55"]
[BlackClock "0:01:24"]

1. e4 Nc6 2. d4 d5 3. e5 h5 4. Be3 Bg4 5. f3 Bf5 6. f4 f6 7. Nf3 Qd7 8. c3 O-O-O 9. a4 g5 10. fxg5 fxe5 11. Bb5 Bg7 12. dxe5 a6 13. Bxc6 Qxc6 14. Qd4 e6 15. Nbd2 Ne7 16. O-O Ng6 17. b4 Be4 18. b5 axb5 19. axb5 Qxb5 20. Nxe4 dxe4 21. Ra8# 1-0


[Site "https://www.chess.com"]

[Event "Titled Tuesday Blitz January 31 Late 2023"]
[White "Mikaelyan, Arman"]
[Black "Hernandez Sanchez, Elvis De La Caridad"]
[WhiteFideId "13304852"]
[BlackFideId "6400353"]
[WhiteElo "2523"]
[BlackElo "2243"]
[Result "1-0"]
[Round "11"]
[TimeControl "180+2"]
[Date "2023.02.01"]
[WhiteClock "0:01:16"]
[BlackClock "0:00:10"]

1. a3 g6 2. e3 Bg7 3. c4 c5 4. Nc3 Nc6 5. Rb1 a5 6. Nf3 e5 7. g3 Nge7 8. Bg2 O-O 9. O-O d6 10. d3 h6 11. Bd2 Be6 12. Ne1 d5 13. cxd5 Nxd5 14. Nc2 Nde7 15. Qe2 Qd7 16. Na4 Qd6 17. Nb6 Ra6 18. Nc4 Qd7 19. a4 Rd8 20. Bc3 Qxd3 21. Qxd3 Rxd3 22. N2a3 Ra8 23. Be4 Rdd8 24. b3 Bd5 25. f3 Nb4 26. Bxe5 Bxe4 27. fxe4 Nec6 28. Bxg7 Kxg7 29. Nb5 Rd3 30. Nbd6 Rf8 31. Nxb7 Nc2 32. Nxc5 Rc3 33. Rbc1 N6b4 34. Rf2 f5 35. Ne6+ 1-0


[Site "https://www.chess.com"]

[Event "Titled Tuesday Blitz January 31 Late 2023"]
[White "Indjic, Aleksandar"]
[Black "Jaracz, Pawel"]
[WhiteFideId "911925"]
[BlackFideId "1102222"]
[WhiteElo "2618"]
[BlackElo "2467"]
[Result "1-0"]
[Round "11"]
[TimeControl "180+2"]
[Date "2023.02.01"]
[WhiteClock "0:01:13"]
[BlackClock "0:00:15"]

1. d4 Nf6 2. c4 g6 3. Nc3 d5 4. Nf3 Bg7 5. Qb3 dxc4 6. Qxc4 O-O 7. e4 Na6 8. e5 Nd7 9. e6 fxe6 10. Be3 Nb6 11. Qb3 Nd5 12. Bxa6 bxa6 13. Nxd5 Qxd5 14. Qxd5 exd5 15. Rc1 Bg4 16. Ne5 Bxe5 17. dxe5 Rab8 18. b3 Rb7 19. f3 Bd7 20. Rc5 c6 21. Ra5 Rf5 22. f4 h5 23. O-O g5 24. g3 Kf7 25. Rxa6 Ke6 26. Rxa7 Rxa7 27. Bxa7 gxf4 28. gxf4 Rf8 29. Bc5 Rb8 30. Kf2 Kf5 31. Ke3 Rg8 32. Bxe7 Rg2 33. a4 Rb2 34. Kd4 Rxb3 35. Kc5 Ra3 36. Kd6 Be6 37. Rg1 Bc8 38. Kc7 Be6 39. Bxa3 1-0


[Site "https://www.chess.com"]

[Event "Titled Tuesday Blitz January 31 Late 2023"]
[White "Svane, Frederik"]
[Black "Golubev, Mikhail"]
[WhiteFideId "12923044"]
[BlackFideId "14100983"]
[WhiteElo "2600"]
[BlackElo "2461"]
[Result "1-0"]
[Round "11"]
[TimeControl "180+2"]
[Date "2023.02.01"]
[WhiteClock "0:00:28"]
[BlackClock "0:00:01"]

1. c4 g6 2. Nc3 Bg7 3. g3 e5 4. Bg2 Nc6 5. e3 d6 6. Nge2 Nf6 7. O-O O-O 8. d4 exd4 9. exd4 Re8 10. h3 Bf5 11. g4 Bd7 12. Re1 h5 13. g5 Nh7 14. h4 Nxd4 15. Nxd4 Rxe1+ 16. Qxe1 Bxd4 17. Bxb7 Rb8 18. Bd5 Nf8 19. Be3 Bg7 20. b3 c6 21. Bg2 Ne6 22. Rd1 Be5 23. Ne4 c5 24. Nxd6 Nd4 25. Ne4 Bg4 26. Rd2 Qc8 27. Bxd4 Bxd4 28. Rxd4 cxd4 29. Nf6+ Kf8 30. Qe5 Qd8 31. Bd5 d3 32. Qf4 Kg7 33. Qd4 Qb6 34. Nxh5+ Kf8 35. Qg7+ Ke8 36. Nf6+ Kd8 37. Qf8+ Kc7 38. Qxf7+ Kd6 39. Nxg4 d2 40. Qf4+ Kc5 41. Qe3+ Kb4 42. Qxd2+ Ka3 43. Ne3 Re8 44. c5 1-0


[Site "https://www.chess.com"]

[Event "Titled Tuesday Blitz January 31 Late 2023"]
[White "Al-Tarboush, Ward"]
[Black "Galchenko, Matvey"]
[WhiteFideId "7601450"]
[BlackFideId "24175480"]
[WhiteElo "2256"]
[BlackElo "2438"]
[Result "1-0"]
[Round "11"]
[TimeControl "180+2"]
[Date "2023.02.01"]
[WhiteClock "0:00:07"]
[BlackClock "0:00:01"]

1. e4 e6 2. d4 d5 3. exd5 exd5 4. Bd3 Nf6 5. Bg5 c5 6. Nf3 Nc6 7. O-O Bd6 8. Re1+ Be6 9. Bf5 O-O 10. Bxe6 fxe6 11. Rxe6 cxd4 12. Nbd2 Qd7 13. Re1 Bb4 14. a3 Bxd2 15. Bxd2 Ne4 16. Bb4 Rf7 17. Qd3 Re8 18. Rad1 a5 19. Bd2 Ref8 20. c4 Nc5 21. Qf1 Rxf3 22. gxf3 d3 23. b4 axb4 24. axb4 Ne6 25. Qxd3 Ned4 26. Re3 dxc4 27. Qxc4+ Kh8 28. b5 Ne5 29. Qc5 Ndxf3+ 30. Kh1 Rc8 31. Qb4 Rc4 32. Qb3 Nxd2 33. Rxe5 Rc8 34. Qe3 1-0


[Site "https://www.chess.com"]

[Event "Titled Tuesday Blitz January 31 Late 2023"]
[White "Reprintsev, Alexander"]
[Black "Stoyanov, Tsvetan"]
[WhiteFideId "14100541"]
[BlackFideId "2917173"]
[WhiteElo "2253"]
[BlackElo "2454"]
[Result "0-1"]
[Round "11"]
[TimeControl "180+2"]
[Date "2023.02.01"]
[WhiteClock "0:00:01"]
[BlackClock "0:00:10"]

1. e4 c5 2. b3 Nc6 3. Bb2 d6 4. Bb5 Bd7 5. Ne2 a6 6. Bxc6 Bxc6 7. f3 e6 8. d4 cxd4 9. Nxd4 Nf6 10. O-O Be7 11. c4 O-O 12. Nc3 Rc8 13. Kh1 Qd7 14. Qd3 Rfd8 15. Rad1 Qe8 16. Rfe1 Nd7 17. Nxc6 bxc6 18. Ne2 Bf8 19. Qe3 a5 20. a4 Rb8 21. Ba3 c5 22. f4 Rb6 23. Rd3 Rdb8 24. Red1 R8b7 25. Nc1 e5 26. Bb2 exf4 27. Qxf4 Qe6 28. Bc3 Ra6 29. Rg3 f6 30. Qd2 Qxe4 31. Re1 Qc6 32. Bxa5 Ne5 33. Bc3 Rd7 34. Rd1 Ng6 35. Rd3 Rd8 36. Rd5 Re8 37. h3 Qc8 38. Ne2 Re4 39. Ng3 Re6 40. Rf1 Qb7 41. Qc2 Ne7 42. Rh5 g6 43. Rh4 d5 44. cxd5 Nxd5 45. Bd2 Rab6 46. Rf3 f5 47. a5 Ra6 48. Rc4 Bd6 49. Nxf5 gxf5 50. Qxf5 Rf6 51. Rg4+ Kf8 52. Qe4 Be7 53. Bh6+ Ke8 54. Rg8+ Kd7 55. Qg4+ Rae6 56. Rxf6 Nxf6 57. Qd1+ Rd6 58. Qf1 Nxg8 59. Bf4 Rf6 60. Qd3+ Ke8 61. Be5 Rg6 62. Qe2 Nf6 63. a6 Qa7 64. Bf4 Nd5 65. Bd2 Qxa6 66. Qe4 Qf1+ 67. Kh2 Qxg2+ 68. Qxg2 Bd6+ 69. Kg1 Rxg2+ 70. Kxg2 Kf7 71. Kf3 Ke6 72. Ke4 Nf6+ 73. Kd3 Kd5 74. Bg5 Be5 75. Bh6 Ne4 76. Ke3 Bd4+ 77. Kd3 Nf2+ 0-1


[Site "https://www.chess.com"]

[Event "Titled Tuesday Blitz January 31 Late 2023"]
[White "Mekhitarian, Krikor Sevag"]
[Black "Veiga, Jose Francisco R P Neves"]
[WhiteFideId "2107660"]
[BlackFideId "1930087"]
[WhiteElo "2537"]
[BlackElo "2406"]
[Result "1-0"]
[Round "11"]
[TimeControl "180+2"]
[Date "2023.02.01"]
[WhiteClock "0:00:09"]
[BlackClock "0:00:03"]

1. e4 Nc6 2. Nf3 e5 3. g3 Nf6 4. d3 Bc5 5. Bg2 d6 6. O-O O-O 7. c3 Bb6 8. a4 a6 9. Nbd2 Be6 10. Ng5 Bg4 11. Qc2 h6 12. Ngf3 Be6 13. b4 d5 14. h3 Qd7 15. Kh2 Rfd8 16. Bb2 dxe4 17. dxe4 Qd3 18. Rac1 Qe2 19. Rce1 Qd3 20. Qxd3 Rxd3 21. Rc1 Rad8 22. Rc2 Nd7 23. Kg1 f6 24. Re1 Nf8 25. Bf1 R3d7 26. Nc4 Ba7 27. b5 axb5 28. axb5 Ne7 29. Ba3 Nc8 30. Na5 Nd6 31. c4 Bb6 32. Nb3 Nxb5 33. cxb5 Bxb3 34. Rc3 Bf7 35. Rec1 Ne6 36. Nh4 Rd1 37. Nf5 Rxc1 38. Rxc1 Nd4 39. Ne7+ Kh7 40. Nd5 Bxd5 41. exd5 Rxd5 42. Kg2 Nxb5 43. Bc4 Nxa3 44. Bxd5 Nb5 45. Bxb7 Nd6 46. Bd5 f5 47. f3 g6 48. Re1 Bd4 49. Rb1 Bb6 50. Ra1 Kg7 51. Ra8 Kf6 52. Rf8+ Kg7 53. Rb8 Kf6 54. Kf1 h5 55. Kg2 Kg7 56. f4 e4 57. Kf1 Kf6 58. Ke2 Kg7 59. Rd8 Kf6 60. Rd7 g5 61. fxg5+ Kxg5 62. h4+ Kf6 63. Rh7 Ke5 64. Bc6 f4 65. Rxh5+ Nf5 66. g4 f3+ 67. Kf1 e3 68. Bxf3 Kf4 69. Rxf5+ Kg3 70. Be2 Kxh4 71. Rh5+ Kg3 72. g5 c5 73. g6 Bd8 74. g7 Bf6 75. g8=Q+ 1-0


[Site "https://www.chess.com"]

[Event "Titled Tuesday Blitz January 31 Late 2023"]
[White "Harshavardhan G B"]
[Black "Ortega Amarelle, Mariano"]
[WhiteFideId "25059009"]
[BlackFideId "3504301"]
[WhiteElo "2408"]
[BlackElo "2472"]
[Result "1-0"]
[Round "11"]
[TimeControl "180+2"]
[Date "2023.02.01"]
[WhiteClock "0:00:54"]
[BlackClock "0:00:01"]

1. Nf3 Nf6 2. g3 b6 3. Bg2 Bb7 4. O-O e6 5. d3 d5 6. Nbd2 Bc5 7. b3 O-O 8. Bb2 a5 9. a4 d4 10. c3 dxc3 11. Bxc3 Nbd7 12. Qc2 Be7 13. d4 c5 14. Rfd1 Rc8 15. Qb1 Qc7 16. e4 cxd4 17. Bxd4 Qc2 18. e5 Nd5 19. Nc4 Qxb1 20. Raxb1 Ba6 21. Nfd2 Bc5 22. Ne4 Bxd4 23. Rxd4 Nc5 24. Ned6 Nc3 25. Re1 Rc7 26. Nxb6 Ne2+ 27. Rxe2 Bxe2 28. Rd2 Ba6 29. Rb2 Rb8 30. Nbc4 Bxc4 31. Nxc4 Rxb3 32. Rd2 Rb1+ 33. Bf1 g6 34. Nxa5 Ne4 35. Re2 Ng5 36. Kg2 Rcc1 37. h4 Nh3 38. Kxh3 Rxf1 39. Nc4 Rb4 40. Nd6 Ra1 41. Rc2 1-0


[Site "https://www.chess.com"]

[Event "Titled Tuesday Blitz January 31 Late 2023"]
[White "Defend, Balint"]
[Black "Papasimakopoulos, Alexandros"]
[WhiteFideId "17004853"]
[BlackFideId "4244125"]
[WhiteElo "1673"]
[BlackElo "2401"]
[Result "1-0"]
[Round "11"]
[TimeControl "180+2"]
[Date "2023.02.01"]
[WhiteClock "0:00:08"]
[BlackClock "0:00:04"]

1. e4 e6 2. d4 d5 3. Nc3 Bb4 4. e5 c5 5. a3 Bxc3+ 6. bxc3 Nc6 7. Qg4 g6 8. Nf3 Bd7 9. c4 dxc4 10. Bxc4 cxd4 11. O-O Qa5 12. Bb2 Nge7 13. Nxd4 Nxe5 14. Qe2 Nxc4 15. Nb3 Qc7 16. Bxh8 Nd5 17. Rfd1 O-O-O 18. Rd4 Bb5 19. Bf6 Nxf6 20. Rxd8+ Kxd8 21. a4 Ba6 22. Rd1+ Ke7 23. Qe1 Nd5 24. Rxd5 Na3 25. Qb4+ Ke8 26. Qc5 Qxc5 27. Rxc5 Kd7 28. Rc3 b6 29. Nc5+ bxc5 30. Rxa3 Kd6 31. f3 Kd5 32. Kf2 Bc4 33. Ke3 e5 34. Ra1 Ke6 35. Rb1 Bd5 36. Rb8 Bc4 37. Ra8 a6 38. Kd2 Bf1 39. g3 h5 40. h4 f6 41. Rg8 Kf5 42. Ke3 g5 43. hxg5 fxg5 44. Rf8+ Kg6 45. Re8 h4 46. gxh4 gxh4 47. Rh8 Kg5 48. Kf2 Bc4 49. Rc8 Be6 50. Rxc5 Kf4 51. Rc6 Bf5 52. c4 a5 53. c5 Bc2 54. Rh6 Kg5 55. Ra6 Bxa4 56. Rxa5 Bd7 57. Ra7 Bf5 58. c6 Kf6 59. c7 Ke7 60. Ra8 Kd7 61. c8=Q+ Kd6 62. Qxf5 Ke7 63. Qe4 Kf6 64. Ra7 Kg5 65. Ra6 Kh5 66. Qg6# 1-0


[Site "https://www.chess.com"]

[Event "Titled Tuesday Blitz January 31 Late 2023"]
[White "Carbone, Diego"]
[Black "Taspinar, Yanki"]
[WhiteFideId "3002179"]
[BlackFideId "34561188"]
[WhiteElo "2336"]
[BlackElo "2262"]
[Result "0-1"]
[Round "11"]
[TimeControl "180+2"]
[Date "2023.02.01"]
[WhiteClock "0:00:01"]
[BlackClock "0:00:02"]

1. d4 Nf6 2. c4 c6 3. Nf3 d5 4. e3 Bg4 5. Nc3 g6 6. h3 Bxf3 7. Qxf3 Bg7 8. Qd1 e6 9. Be2 O-O 10. O-O Nbd7 11. b3 Rc8 12. a4 c5 13. Ba3 Re8 14. Rc1 cxd4 15. exd4 dxc4 16. Nb5 Ne4 17. bxc4 a6 18. Nd6 Nxd6 19. Bxd6 e5 20. d5 Bf8 21. Bxf8 Kxf8 22. Qd2 Nc5 23. Rb1 b6 24. Rfd1 Qd6 25. a5 bxa5 26. Qxa5 Rb8 27. Bg4 f5 28. Be2 Kg7 29. Qc3 Kf7 30. Qa5 h5 31. Bf1 f4 32. Qc3 e4 33. Qd4 a5 34. Rb5 Rxb5 35. cxb5 a4 36. Rc1 Rc8 37. Ra1 Nb3 38. Qxa4 Nxa1 39. Qxa1 Qxd5 40. Qa7+ Kf6 41. b6 Qc5 42. Qd7 Rb8 43. b7 Qb6 44. Bc4 Rxb7 0-1


[Site "https://www.chess.com"]

[Event "Titled Tuesday Blitz January 31 Late 2023"]
[White "Costachi, Mihnea"]
[Black "Grycel, Kamil"]
[WhiteFideId "1217518"]
[BlackFideId "1115499"]
[WhiteElo "2476"]
[BlackElo "2315"]
[Result "1-0"]
[Round "11"]
[TimeControl "180+2"]
[Date "2023.02.01"]
[WhiteClock "0:00:09"]
[BlackClock "0:00:13"]

1. Nc3 b6 2. d4 Bb7 3. e4 e6 4. Nf3 Bb4 5. Bd3 Nf6 6. e5 Ne4 7. O-O Nxc3 8. bxc3 Bxc3 9. Bg5 f6 10. exf6 gxf6 11. Ne5 Qe7 12. Qh5+ Kd8 13. Nf7+ Kc8 14. Nxh8 Bxa1 15. Be3 Bc3 16. Nf7 Nc6 17. Qxh7 Nd8 18. Bg6 Bd5 19. Nxd8 Qxd8 20. Be4 c6 21. Bxd5 cxd5 22. Qd3 Bb4 23. Qa6+ Kc7 24. c4 Qc8 25. Qb5 Bd6 26. cxd5 Kb7 27. dxe6 dxe6 28. d5 e5 29. Rc1 Qd8 30. Qc6+ Kb8 31. h4 f5 32. Bg5 Qf8 33. Qd7 a5 34. Rc6 Ra7 35. Rxb6+ Ka8 36. Qc6+ Rb7 37. Qxb7# 1-0


[Site "https://www.chess.com"]

[Event "Titled Tuesday Blitz January 31 Late 2023"]
[White "Dourerassou, Jonathan"]
[Black "Vovk, Orest"]
[WhiteFideId "628050"]
[BlackFideId "14113490"]
[WhiteElo "2414"]
[BlackElo "2315"]
[Result "1-0"]
[Round "11"]
[TimeControl "180+2"]
[Date "2023.02.01"]
[WhiteClock "0:00:48"]
[BlackClock "0:00:08"]

1. d4 e5 2. dxe5 Nc6 3. Nf3 Qe7 4. Nc3 Nxe5 5. e4 Nxf3+ 6. Qxf3 Qf6 7. Bf4 d6 8. O-O-O Be6 9. Bb5+ c6 10. e5 dxe5 11. Bxc6+ Ke7 12. Bxb7 Rb8 13. Be3 Qxf3 14. Bxf3 a6 15. Nd5+ Bxd5 16. Rxd5 Rb5 17. Rxb5 axb5 18. Bc5+ Kf6 19. Bxf8 Nh6 20. Bc5 Rc8 21. Be3 Nf5 22. Bg4 g6 23. h4 Ra8 24. Bg5+ Kg7 25. Bxf5 gxf5 26. a3 f4 27. Be7 f5 28. h5 Kf7 29. Bb4 Rg8 30. Rh2 Ke6 31. Kd2 e4 32. Ke2 Rc8 33. Bc3 Rg8 34. Kf1 Kd5 35. Rh4 Rg4 36. Rxg4 fxg4 37. g3 f3 38. Bd2 Kc4 39. Ke1 Kd5 40. Be3 Kc4 41. Kd2 1-0


[Site "https://www.chess.com"]

[Event "Titled Tuesday Blitz January 31 Late 2023"]
[White "Kanakaris, Georgios"]
[Black "Deviprasath, Sharvesh"]
[WhiteFideId "4209460"]
[BlackFideId "30938228"]
[WhiteElo "2391"]
[BlackElo "2296"]
[Result "1-0"]
[Round "11"]
[TimeControl "180+2"]
[Date "2023.02.01"]
[WhiteClock "0:01:41"]
[BlackClock "0:01:19"]

1. Nf3 g6 2. d4 Bg7 3. g3 Nf6 4. Bg2 O-O 5. O-O d6 6. b3 Nbd7 7. Bb2 c6 8. c4 Re8 9. Nc3 e5 10. dxe5 dxe5 11. Ng5 a5 12. Nge4 Qe7 13. Qd6 Qxd6 14. Nxd6 Re7 15. Na4 Ne8 16. Ba3 Nxd6 17. Bxd6 Re8 18. Rad1 Bf8 19. Bxf8 Rxf8 20. Rd6 Re8 21. Rfd1 Re7 22. Bh3 Nc5 23. Rd8+ Kg7 24. Nxc5 1-0


[Site "https://www.chess.com"]

[Event "Titled Tuesday Blitz January 31 Late 2023"]
[White "Tworuszka, Michal"]
[Black "Gubajdullin, Alexei"]
[WhiteFideId "1117858"]
[BlackFideId "4141202"]
[WhiteElo "2260"]
[BlackElo "2285"]
[Result "1-0"]
[Round "11"]
[TimeControl "180+2"]
[Date "2023.02.01"]
[WhiteClock "0:01:12"]
[BlackClock "0:00:47"]

1. e4 c5 2. Nf3 Nc6 3. Bb5 g6 4. Bxc6 bxc6 5. O-O Bg7 6. c3 Nh6 7. d4 cxd4 8. cxd4 f6 9. b3 Nf7 10. Bb2 d6 11. Nbd2 O-O 12. Qc2 Bd7 13. Rfe1 Qb8 14. Rac1 Rc8 15. Nc4 Qb5 16. e5 fxe5 17. dxe5 Bf5 18. Qe2 d5 19. Nd4 Qa6 20. Nxf5 gxf5 21. e6 Nh6 22. Bxg7 Kxg7 23. Qe5+ Kg6 24. Re3 Ng4 25. Rg3 dxc4 26. Rxc4 h5 27. h3 Qb5 28. Rc5 Qd3 29. hxg4 Qb1+ 30. Kh2 hxg4 31. Rxg4+ fxg4 32. Qg5+ Kh7 33. Qh5+ Kg7 34. Qf7+ Kh8 35. Rh5+ 1-0


[Site "https://www.chess.com"]

[Event "Titled Tuesday Blitz January 31 Late 2023"]
[White "Blit, Jacques"]
[Black "Bas Mas, Jose Joaquin"]
[WhiteFideId "114839"]
[BlackFideId "22219064"]
[WhiteElo "2309"]
[BlackElo "2197"]
[Result "0-1"]
[Round "11"]
[TimeControl "180+2"]
[Date "2023.02.01"]
[WhiteClock "0:00:03"]
[BlackClock "0:00:07"]

1. e4 Nf6 2. d3 d5 3. Nd2 c6 4. Ngf3 Bg4 5. Be2 e6 6. O-O Nbd7 7. b3 Be7 8. Bb2 O-O 9. Re1 a5 10. a3 a4 11. b4 c5 12. bxc5 Nxc5 13. Ne5 Bxe2 14. Qxe2 Rc8 15. exd5 Nxd5 16. Ndf3 Qc7 17. d4 Nd7 18. c4 N5f6 19. Ng5 Nxe5 20. dxe5 Nd7 21. Nxh7 Kxh7 22. Qh5+ Kg8 23. Re3 f5 24. exf6 Bxf6 25. Bxf6 Nxf6 26. Qg6 Qxc4 27. Rae1 Qg4 28. Qb1 Nd5 29. Rg3 Qf5 30. Qb2 Qf6 31. Qe2 Nf4 32. Qe4 e5 33. Rf3 Qg6 34. Rxf4 Qxe4 35. Rfxe4 Rc2 36. f3 Rd8 37. R1e2 Rxe2 38. Rxe2 Rd3 39. Re4 Rxa3 40. Rb4 Ra2 41. Rxb7 a3 42. h3 Kh7 43. Re7 Ra1+ 44. Kh2 a2 45. Ra7 Kg6 46. Ra5 Kf5 47. Kg3 g5 48. Kh2 Kf4 49. Ra4+ Ke3 50. Kg3 Kd3 51. Ra8 Ke2 52. Kg4 Kf2 53. Kxg5 Kxg2 54. h4 Kxf3 55. Kh6 Rh1 56. Ra3+ Kf4 57. Rxa2 Rxh4+ 58. Kg6 e4 59. Rf2+ Ke3 60. Rf8 Rf4 61. Rd8 Ke2 62. Kg5 Rf7 63. Kg4 e3 64. Kg3 Ke1 65. Kg2 e2 66. Rd4 Rg7+ 67. Kf3 Kf1 68. Rh4 e1=Q 69. Rh1+ Rg1 70. Rh4 Qxh4 0-1


[Site "https://www.chess.com"]

[Event "Titled Tuesday Blitz January 31 Late 2023"]
[White "Makhnev, Denis"]
[Black "Aldokhin, Ivan"]
[WhiteFideId "13707647"]
[BlackFideId "24115720"]
[WhiteElo "2483"]
[BlackElo "2413"]
[Result "1-0"]
[Round "11"]
[TimeControl "180+2"]
[Date "2023.02.01"]
[WhiteClock "0:01:16"]
[BlackClock "0:00:01"]

1. d4 Nf6 2. Nc3 d5 3. Bf4 e6 4. e3 Bd6 5. Nf3 O-O 6. Bd3 b6 7. O-O Bb7 8. Ne5 c5 9. Bg5 Nc6 10. f4 cxd4 11. Nxc6 Bxc6 12. exd4 Be7 13. Bxf6 Bxf6 14. Ne2 b5 15. c3 b4 16. g4 g6 17. g5 Bh8 18. h4 bxc3 19. bxc3 Qa5 20. Qd2 Rab8 21. Rfb1 Bb5 22. Kf2 Rfc8 23. Ke3 Bxd3 24. Qxd3 Rxb1 25. Rxb1 Qxa2 26. Rb7 Qa1 27. h5 gxh5 28. f5 exf5 29. Qxf5 Re8+ 30. Kf2 Rf8 31. Qxd5 a5 32. Ra7 a4 33. Qb5 a3 34. Qc5 a2 35. Qd5 Qb1 36. Rxa2 Qg6 37. Ra5 h4 38. Qf5 Qh5 39. Qf3 Qg6 40. Rf5 Re8 41. Qd5 Qe6 42. Qxe6 fxe6 43. Rf4 e5 44. Rxh4 exd4 45. cxd4 Kg7 46. Nf4 Kg8 47. d5 Bd4+ 48. Kf3 Re3+ 49. Kg4 Re4 50. Kh5 Re5 51. Ne6 Bc3 52. Rf4 Bb4 53. Rxb4 Rxd5 54. Rb7 Rd6 55. Rg7+ Kh8 56. Re7 Kg8 57. Nf4 Rd8 58. Re5 Kg7 59. Nd5 Kf7 60. Nf6 Kg7 61. Ra5 Kf7 62. Ra7+ Ke6 63. Rxh7 Rd1 64. Kg6 Rg1 65. Rh8 Kd6 66. Re8 1-0


[Site "https://www.chess.com"]

[Event "Titled Tuesday Blitz January 31 Late 2023"]
[White "Tari, Aryan"]
[Black "Danielyan, Vahe"]
[WhiteFideId "1510045"]
[BlackFideId "13304828"]
[WhiteElo "2642"]
[BlackElo "2346"]
[Result "1-0"]
[Round "11"]
[TimeControl "180+2"]
[Date "2023.02.01"]
[WhiteClock "0:01:45"]
[BlackClock "0:00:27"]

1. Nf3 Nf6 2. b3 g6 3. Bb2 Bg7 4. g3 O-O 5. Bg2 c5 6. O-O Nc6 7. c4 d6 8. d4 cxd4 9. Nxd4 Bd7 10. Nc3 Qa5 11. Rc1 Qh5 12. e3 Qxd1 13. Rfxd1 Rfc8 14. h3 Rab8 15. Nde2 a6 16. Nf4 b5 17. cxb5 axb5 18. Nd3 Be8 19. b4 e5 20. a3 Bd7 21. g4 h5 22. g5 Nh7 23. h4 Nf8 24. Ne4 Bg4 25. f3 Be6 26. Nxd6 Rc7 27. Nc5 Ne7 28. e4 Rc6 29. Bf1 Rbb6 30. Nxb5 Nc8 31. Rd8 Kh7 32. a4 1-0


[Site "https://www.chess.com"]

[Event "Titled Tuesday Blitz January 31 Late 2023"]
[White "Cori T., Deysi"]
[Black "Ibarra Jerez, Jose Carlos"]
[WhiteFideId "3801934"]
[BlackFideId "2226332"]
[WhiteElo "2362"]
[BlackElo "2563"]
[Result "0-1"]
[Round "11"]
[TimeControl "180+2"]
[Date "2023.02.01"]
[WhiteClock "0:00:02"]
[BlackClock "0:00:04"]

1. d4 Nf6 2. Nf3 g6 3. g3 d6 4. Bg2 Bg7 5. O-O O-O 6. b3 b5 7. Bb2 Bb7 8. Nbd2 Nbd7 9. a4 b4 10. a5 a6 11. Nc4 c5 12. dxc5 Nxc5 13. Nb6 Rb8 14. Qd2 Nfe4 15. Qc1 Nc3 16. Re1 Qc7 17. e3 e5 18. Bxc3 bxc3 19. Qa3 Be4 20. Re2 Qc6 21. Ne1 Bxg2 22. Nxg2 Ne4 23. Ne1 Nd2 24. Rd1 d5 25. Nd3 Nf3+ 26. Kg2 d4 27. e4 Nd2 28. Qc5 Qf6 29. f4 exf4 30. Nxf4 Rbd8 31. Nbd5 Qd6 32. Qxd6 Rxd6 33. e5 Rd7 34. Nb6 Re7 35. Rde1 Rfe8 36. Nd3 Bh6 37. Nd5 Kg7 38. Nxe7 Rxe7 39. Ra1 Be3 40. Ra4 f6 41. exf6+ Kxf6 42. Rb4 Kg5 43. Rb6 Rf7 44. Nf2 Nf3 45. h4+ Kh5 46. Rd6 Ne1+ 47. Kh3 Rxf2 0-1


[Site "https://www.chess.com"]

[Event "Titled Tuesday Blitz January 31 Late 2023"]
[White "Shapiro, Viktor"]
[Black "Hambleton, Aman"]
[WhiteFideId "4175700"]
[BlackFideId "2606577"]
[WhiteElo "2192"]
[BlackElo "2420"]
[Result "1-0"]
[Round "11"]
[TimeControl "180+2"]
[Date "2023.02.01"]
[WhiteClock "0:00:23"]
[BlackClock "0:00:02"]

1. c4 c5 2. Nc3 b6 3. g3 Bb7 4. Nf3 Bxf3 5. exf3 Nc6 6. f4 g6 7. Bg2 Bg7 8. O-O Nh6 9. d3 Nf5 10. Be3 Rc8 11. Rb1 h5 12. Ne4 d6 13. a3 O-O 14. b4 e6 15. h3 Re8 16. Re1 Ncd4 17. Ng5 Qd7 18. g4 hxg4 19. hxg4 Ne7 20. Bxd4 Bxd4 21. Qf3 Kg7 22. Bh3 Rh8 23. Kg2 Rh4 24. Re2 Rch8 25. Rbe1 Bf6 26. Rh1 Nc6 27. Qg3 Nd4 28. Ra2 Bxg5 29. fxg5 Qb7+ 30. f3 Nxf3 31. Qxf3 Qxf3+ 32. Kxf3 Rxh3+ 33. Rxh3 Rxh3+ 34. Ke4 Rg3 35. bxc5 dxc5 36. a4 Rxg4+ 37. Ke5 Rxg5+ 38. Kd6 Rg3 39. Rd2 g5 40. Kc6 f5 41. Kb7 Rg1 42. Kxa7 Ra1 43. Kxb6 Rxa4 44. Kxc5 Kf6 45. d4 g4 46. Kb5 Ra1 47. c5 Rb1+ 48. Ka6 Rc1 49. Kb6 f4 50. c6 f3 51. Rf2 Kf5 52. c7 Kf4 53. Rh2 Rxc7 54. Kxc7 g3 55. Rh7 g2 56. Rg7 Ke4 57. Kd6 Kxd4 58. Kxe6 Ke3 59. Ke5 f2 60. Rg3+ 1-0


[Site "https://www.chess.com"]

[Event "Titled Tuesday Blitz January 31 Late 2023"]
[White "Averjanov, Alexey"]
[Black "Moral Garcia, Serafin"]
[WhiteFideId "14109867"]
[BlackFideId "2201925"]
[WhiteElo "2399"]
[BlackElo "2238"]
[Result "0-1"]
[Round "11"]
[TimeControl "180+2"]
[Date "2023.02.01"]
[WhiteClock "0:02:02"]
[BlackClock "0:00:47"]

1. d4 Nf6 2. c4 g6 3. Nc3 d5 4. cxd5 Nxd5 5. e4 Nxc3 6. bxc3 Bg7 7. Nf3 c5 8. Be3 Bg4 9. Qd2 Qa5 10. Rc1 Nc6 11. d5 Bxf3 12. gxf3 Ne5 13. Be2 O-O 14. f4 Nd7 15. c4 Qxd2+ 16. Kxd2 e6 17. Rhd1 exd5 18. cxd5 b6 19. a4 Rfe8 20. Bb5 Nf6 21. f3 Red8 22. Ke2 Nh5 23. a5 Bh6 24. Bc6 Rac8 25. axb6 axb6 26. Rb1 Rb8 27. Rb3 Bxf4 28. Rdb1 Bc7 29. Ra1 f5 30. Ra7 Bxh2 31. Kd3 fxe4+ 32. fxe4 Be5 33. Kc4 Nf6 34. Kd3 Ne8 35. Bg5 Nd6 36. Bxd8 c4+ 37. Kd2 cxb3 38. Bc7 Nxe4+ 39. Ke3 Bxc7 0-1


[Site "https://www.chess.com"]

[Event "Titled Tuesday Blitz January 31 Late 2023"]
[White "Poltorak, Sebastian"]
[Black "Leiva, Gianmarco"]
[WhiteFideId "1199498"]
[BlackFideId "3804399"]
[WhiteElo "2354"]
[BlackElo "2392"]
[Result "0-1"]
[Round "11"]
[TimeControl "180+2"]
[Date "2023.02.01"]
[WhiteClock "0:00:01"]
[BlackClock "0:00:37"]

1. e4 c5 2. Nc3 Nc6 3. Bb5 Nd4 4. Nf3 a6 5. Bd3 Nc6 6. O-O e6 7. Re1 d6 8. Bf1 Nf6 9. d4 cxd4 10. Nxd4 Be7 11. Bg5 O-O 12. Nxc6 bxc6 13. e5 dxe5 14. Rxe5 Bb7 15. Qxd8 Rfxd8 16. Ree1 h6 17. Bh4 g5 18. Bg3 Nd5 19. Nxd5 cxd5 20. Bd3 a5 21. b3 Bf6 22. Rac1 a4 23. Be5 Kg7 24. g3 Rdc8 25. f4 Ba6 26. Bxa6 Rxa6 27. Kf2 Rac6 28. Re2 Bxe5 29. fxe5 Rc3 30. bxa4 g4 31. Rd2 h5 32. Ke2 R8c4 33. a5 Re4+ 34. Kf2 Rf3+ 35. Kg2 Rxe5 36. a6 Ra3 37. c4 Rxa6 38. cxd5 Rxd5 39. Rxd5 Rxa2+ 40. Rc2 Rxc2+ 0-1


[Site "https://www.chess.com"]

[Event "Titled Tuesday Blitz January 31 Late 2023"]
[White "Hasanagic, Anel"]
[Black "Machidon, Cristi"]
[WhiteFideId "14605791"]
[BlackFideId "13904590"]
[WhiteElo "2243"]
[BlackElo "2301"]
[Result "1/2-1/2"]
[Round "11"]
[TimeControl "180+2"]
[Date "2023.02.01"]
[WhiteClock "0:00:10"]
[BlackClock "0:00:07"]

1. e4 Nf6 2. e5 Nd5 3. c4 Nb6 4. d4 d6 5. exd6 cxd6 6. Nc3 g6 7. Be3 Bg7 8. Rc1 O-O 9. b3 Bf5 10. Nf3 d5 11. c5 Nc8 12. h3 Nc6 13. Bd3 Bxd3 14. Qxd3 e6 15. Qd2 N8e7 16. g4 b6 17. cxb6 axb6 18. O-O Qd6 19. Nb5 Qd7 20. a4 f5 21. g5 f4 22. Bxf4 e5 23. Nxe5 Bxe5 24. Bxe5 Qxh3 25. Rc3 Rf3 26. Rxf3 Qxf3 27. Qc3 Nxe5 28. dxe5 Qg4+ 29. Qg3 Qxg3+ 30. fxg3 Nc6 31. Rd1 d4 32. e6 Re8 33. Nxd4 Rd8 34. e7 Nxe7 35. Rd2 Nf5 36. Nf3 Rc8 37. g4 Ne3 38. Ne5 Rc3 39. Rd8+ Kg7 40. Rd7+ Kf8 41. Rd3 Rxd3 42. Nxd3 Nxg4 43. Kg2 h5 44. Kg3 Kf7 45. b4 Ke6 46. a5 bxa5 47. bxa5 Kd6 48. a6 Kc6 49. Nf4 Ne5 50. Nxh5 gxh5 51. Kh4 Kb6 52. Kxh5 Kxa6 53. g6 Nxg6 1/2-1/2


[Site "https://www.chess.com"]